 Dungeon Crawl Stone Soup version 0.22-a0-414-gacd343e (webtiles) character file.

1445 galech the Fighter (level 8, 0/71 HPs)
             Began as a Gnoll Wanderer on May 13, 2018.
             Was a Believer of Okawaru.
             Slain by a troll (7 damage)
             ... on level 6 of the Dungeon.
             The game lasted 00:09:35 (4710 turns).

galech the Fighter (Gnoll Wanderer)                 Turns: 4710, Time: 00:09:36

Health: 0/71       AC:  7    Str: 21    XL:     8   Next: 75%
Magic:  13/13      EV: 13    Int: 13    God:    Okawaru [**....]
Gold:   431        SH:  0    Dex: 20    Spells: 13/13 levels left

rFire    . . .     SeeInvis .   C - +5 dagger (chaos)
rCold    . . .     Gourm    .   (no shield)
rNeg     . . .     Faith    .   c - +0 ring mail
rPois    .         Spirit   .   v - +0 hat
rElec    .         Reflect  .   (no cloak)
rCorr    .         Harm     .   F - +0 pair of gloves
MR       .....                  (no boots)
Stlth    ++........             h - amulet of regeneration
HPRegen  0.61/turn              H - +5 ring of strength
MPRegen  0.13/turn              E - +3 ring of dexterity

@: no status effects
A: distributed training, fangs 1, strong nose
a: Heroism, Renounce Religion


You were on level 6 of the Dungeon.
You worshipped Okawaru.
Okawaru was pleased with you.
You were not hungry.

You visited 2 branches of the dungeon, and saw 8 of its levels.

You collected 431 gold pieces.

Inventory:

Hand Weapons
 a - a +2 shortbow
 m - a +0 flail
 C - a +5 dagger of chaos (weapon)
Missiles
 b - 68 arrows
Armour
 c - a +0 ring mail (worn)
 v - a +0 hat (worn)
 F - a +0 pair of gloves (worn)
Jewellery
 h - an amulet of regeneration (around neck)
 j - an uncursed amulet of the acrobat
 s - a +2 ring of protection
 E - a +3 ring of dexterity (right hand)
 H - a +5 ring of strength (left hand)
 J - an uncursed ring of fire {unknown}
Wands
 y - a wand of enslavement (7)
 z - a wand of flame (13)
 B - a wand of paralysis (8)
Scrolls
 e - 3 scrolls of teleportation
 i - a scroll of magic mapping
 l - 3 scrolls of enchant armour
 n - a scroll of blinking {unknown}
 p - a scroll of fog {unknown}
 q - a scroll of enchant weapon {unknown}
 r - 3 scrolls of remove curse
 u - 2 scrolls of amnesia {unknown}
 A - 2 scrolls of immolation
 I - a scroll of identify
Potions
 d - 5 potions of curing
 g - a potion of ambrosia {unknown}
 k - a potion of brilliance {unknown}
 o - 3 potions of heal wounds {unknown}
 t - 2 potions of resistance {unknown}
 w - 3 potions of agility {unknown}
 x - 2 potions of degeneration {unknown}
 G - a potion of berserk rage {unknown}
Comestibles
 f - 12 rations


   Skills:
 + Level 9.2 Fighting
 + Level 3.4 Short Blades
 + Level 3.4 Long Blades
 + Level 4.4 Axes
 + Level 3.4 Maces & Flails
 + Level 3.4 Polearms
 + Level 3.4 Staves
 + Level 3.4 Slings
 + Level 4.4 Bows
 + Level 3.4 Crossbows
 + Level 4.4 Throwing
 + Level 5.8 Armour
 + Level 3.4 Dodging
 + Level 4.2 Stealth
 + Level 3.4 Shields
 + Level 3.4 Unarmed Combat
 + Level 3.4 Spellcasting
 + Level 2.8 Conjurations
 + Level 2.8 Hexes
 + Level 2.8 Charms
 + Level 2.8 Summonings
 + Level 2.8 Necromancy
 + Level 2.8 Translocations
 + Level 2.8 Transmutations
 + Level 2.8 Fire Magic
 + Level 2.8 Ice Magic
 + Level 2.8 Air Magic
 + Level 2.8 Earth Magic
 + Level 2.8 Poison Magic
 + Level 3.8 Invocations
 + Level 3.4 Evocations


You had 13 spell levels left.
You didn't know any spells.
Your spell library contained the following spells:

 Spells                   Type           Power        Failure   Level  Hunger
 Confuse                  Hex            #.......     32%         3    ###....
 Confusing Touch          Hex            #.....       11%         1    #......
 Metabolic Englaciation   Hex/Ice        #.........   96%         5    ######.
 Petrify                  Tmut/Erth      #.......     71%         4    #####..
 Gell's Gravitas          Tloc           #.........   32%         3    ###....
 Yara's Violent Unravell  Hex/Tmut       #.........   96%         5    ######.


Dungeon Overview and Level Annotations

Branches:
Dungeon (7/15)             Temple (1/1) D:4

Altars:
Ashenzari
Cheibriados
Elyvilon
Fedhas
Gozag
Hepliaklqana
Kikubaaqudgha
Makhleb
Okawaru
Qazlal
Ru
Sif Muna
Trog
Uskayaw
Vehumet
Wu Jian
Xom
Yredelemnul
Zin
The Shining One


Innate Abilities, Weirdness & Mutations

Your experience applies equally to all skills.
You have very sharp teeth.
Your uncanny sense of smell can sniff out nearby items.


Message History

You hit the troll. Lightning courses through the troll!
The troll is heavily wounded.
The troll bites you! The troll claws you. The troll claws you!
* * * LOW HITPOINT WARNING * * *
You hit the troll.
The troll is poisoned.
You feel a strange surge of energy!
The troll is heavily wounded.
The troll barely misses you. The troll misses you. The troll claws you.
* * * LOW HITPOINT WARNING * * *
You hit the troll but do no damage. Lightning courses through the troll!
You bite the troll, but do no damage.
The troll is almost dead.
The troll barely misses you. The troll closely misses you. The troll claws you!
* * * LOW HITPOINT WARNING * * *
The troll looks more healthy.
You hit the troll. You freeze the troll.
The troll is almost dead.
The troll bites you.
* * * LOW HITPOINT WARNING * * *
The troll closely misses you. The troll claws you!
You die...

#.#######.#.###.#.
#...............#.
##################.#######.
#.......##########.........
#....<........#.....#######
#[......#####.#(###.# #.......#
#.#.# #.#
#######.......#####.#.###.#######
................@T..........>....
####............#########.#.#####
#......................#.#
####...........############.#
..........................#.#
####...........##########.#.# #
#..................# #...# #
#..................# ##### ##
###'######.........#


You could see a troll.

Vanquished Creatures
  Eustachio (D:6)
  A water moccasin (D:6)
  An ice beast (D:5)
  2 sky beasts (D:6)
  A phantom (D:6)
  An ogre (D:6)
  Blork the orc (D:6)
  A bullfrog (D:5)
  A scorpion (D:4)
  2 crimson imps
  2 hounds
  2 orc priests (D:6)
  An orc wizard (D:6)
  2 iguanas
  4 worker ants
  A hound skeleton (D:6)
  A worker ant zombie (D:6)
  A gnoll (D:1)
  8 adders
  3 shadow imps (D:5)
  3 adder skeletons
  2 worms
  A dart slug (D:1)
  4 leopard geckos
  5 orcs
  5 giant cockroaches
  3 goblins (D:1)
  8 hobgoblins
  4 kobolds (D:1)
  3 quokkas
  4 ball pythons
  6 bats
  5 frilled lizards
  A goblin skeleton (D:3)
  A jackal skeleton (D:5)
  A leopard gecko skeleton (D:5)
  4 rats
  A bush (D:4)
98 creatures vanquished.

Vanquished Creatures (others)
  An ooze (D:3)
  A worm (D:3)
  A goblin (D:3)
  A frilled lizard (D:3)
  A kobold (D:3)
  2 rats (D:3)
7 creatures vanquished.

Grand Total: 105 creatures vanquished

Notes
Turn   | Place    | Note
-------+----------+-------------------------------------------
     0 | D:1      | galech the Gnoll Wanderer began the quest for the Orb.
     0 | D:1      | galech set off with: a +2 shortbow, 23 arrows, a +0 ring mail, a potion of curing, a ration
     0 | D:1      | Reached XP level 1. HP: 26/26 MP: 1/1
    67 | D:1      | Reached XP level 2. HP: 33/33 MP: 2/2
   244 | D:1      | Reached XP level 3. HP: 38/38 MP: 3/3
   769 | D:2      | Reached skill level 1 in Invocations
   890 | D:2      | Reached skill level 1 in Short Blades
   890 | D:2      | Reached skill level 1 in Long Blades
   890 | D:2      | Reached skill level 1 in Maces & Flails
   890 | D:2      | Reached skill level 1 in Polearms
   890 | D:2      | Reached skill level 1 in Staves
   890 | D:2      | Reached skill level 1 in Slings
   890 | D:2      | Reached skill level 1 in Crossbows
   890 | D:2      | Reached skill level 1 in Dodging
   890 | D:2      | Reached skill level 1 in Shields
   890 | D:2      | Reached skill level 1 in Unarmed Combat
   890 | D:2      | Reached skill level 1 in Spellcasting
   890 | D:2      | Reached skill level 1 in Evocations
  1009 | D:2      | Reached XP level 4. HP: 44/45 MP: 5/5
  1394 | D:2      | Found a sacrificial altar of Ru.
  1594 | D:3      | Found an opulent altar of Gozag.
  1612 | D:3      | Reached skill level 1 in Conjurations
  1612 | D:3      | Reached skill level 1 in Hexes
  1612 | D:3      | Reached skill level 1 in Charms
  1612 | D:3      | Reached skill level 1 in Summonings
  1612 | D:3      | Reached skill level 1 in Necromancy
  1612 | D:3      | Reached skill level 1 in Translocations
  1612 | D:3      | Reached skill level 1 in Transmutations
  1612 | D:3      | Reached skill level 1 in Fire Magic
  1612 | D:3      | Reached skill level 1 in Ice Magic
  1612 | D:3      | Reached skill level 1 in Air Magic
  1612 | D:3      | Reached skill level 1 in Earth Magic
  1612 | D:3      | Reached skill level 1 in Poison Magic
  1637 | D:3      | Found a runed door.
  1637 | D:3      | Noticed a human
  1640 | D:3      | Found a basalt altar of Yredelemnul.
  2021 | D:3      | Found a glowing golden altar of the Shining One.
  2023 | D:3      | Reached XP level 5. HP: 51/51 MP: 6/6
  2502 | D:4      | Found a staircase to the Ecumenical Temple.
  2511 | Temple   | Entered the Ecumenical Temple
  2618 | Temple   | Became a worshipper of Warmaster Okawaru
  2838 | D:4      | Found a shimmering altar of Xom.
  2838 | D:4      | Found a burning altar of Makhleb.
  2858 | D:4      | Reached XP level 6. HP: 26/57 MP: 8/8
  3425 | D:5      | Entered Level 5 of the Dungeon
  3434 | D:5      | Reached skill level 5 in Armour
  3438 | D:5      | Reached * piety under Okawaru
  3530 | D:5      | Reached XP level 7. HP: 57/63 MP: 10/10
  3897 | D:6      | Noticed Eustachio
  3907 | D:6      | Killed Eustachio
  3907 | D:6      | Reached ** piety under Okawaru
  3971 | D:6      | Reached skill level 9 in Fighting
  3975 | D:6      | Reached XP level 8. HP: 54/71 MP: 10/12
  4078 | D:6      | Noticed Blork the orc
  4090 | D:6      | Killed Blork the orc
  4604 | D:7      | Noticed a troll
  4697 | D:6      | HP: 2/71 [troll (11)]
  4710 | D:6      | Slain by a troll

Vault maps used:
D:1:      lordsloth_arrival_two_stooges
D:2:      nicolae_ru_the_path_less_chosen
D:3:      lemuel_coloured_pillars_altar, nicolae_overflow_crystal_walls,
          dk_yredelemnul_ordeal
D:4:      grunt_temple_overflow_champion_of_chaos, minmay_temple_entry_poolview,
          serial_forest, infiniplex_forest_clump_small,
          infiniplex_forest_straight_3, infiniplex_forest_lined_room_2,
          infiniplex_forest_end_double, infiniplex_forest_end_2,
          infiniplex_forest_lined_corner
D:5:      first_ration, hangedman_decor_peaks_small
D:6:      uniq_blork_the_orc, uniq_eustachio
D:7:      uniq_duvessa
Temple:   nicolae_temple_elliptical

Skill      XL: |  1  2  3  4  5  6  7  8 |
---------------+-------------------------+-----
Invocations    | 1 2 3 |  3.8
Short Blades   | 1 2 3 |  3.4
Long Blades    | 1 2 3 |  3.4
Maces & Flails | 1 2 3 |  3.4
Polearms       | 1 2 3 |  3.4
Staves         | 1 2 3 |  3.4
Slings         | 1 2 3 |  3.4
Crossbows      | 1 2 3 |  3.4
Dodging        | 1 2 3 |  3.4
Shields        | 1 2 3 |  3.4
Unarmed Combat | 1 2 3 |  3.4
Spellcasting   | 1 2 3 |  3.4
Evocations     | 1 2 3 |  3.4
Conjurations   | 1 2 |  2.8
Hexes          | 1 2 |  2.8
Charms         | 1 2 |  2.8
Summonings     | 1 2 |  2.8
Necromancy     | 1 2 |  2.8
Translocations | 1 2 |  2.8
Transmutations | 1 2 |  2.8
Fire Magic     | 1 2 |  2.8
Ice Magic      | 1 2 |  2.8
Air Magic      | 1 2 |  2.8
Earth Magic    | 1 2 |  2.8
Poison Magic   | 1 2 |  2.8
Axes           | 3 4 |  4.4
Bows           | 3 4 |  4.4
Throwing       | 3 4 |  4.4
Stealth        | 3 4 |  4.2
Armour         | 5 |  5.8
Fighting       | 9 |  9.2

Action                   |  1- 3 |  4- 6 |  7- 9 || total
-------------------------+-------+-------+-------++-------
Melee: Dagger            |       |    64 |   136 ||   200
       Bite              |       |    16 |    25 ||    41
       Punch             |       |       |     4 ||     4
 Fire: Shortbow          |    79 |    58 |       ||   137
  Use: Scroll            |       |       |     6 ||     6
 Stab: Sleeping          |       |     2 |     5 ||     7
       Confused          |       |     1 |     3 ||     4
       Petrifying        |       |       |     1 ||     1
  Eat: Chunk             |       |     5 |     3 ||     8
       Ration            |       |     1 |       ||     1
Armor: Ring mail         |     4 |       |    27 ||    31
       Leather armour    |       |    11 |     2 ||    13
Dodge: Dodged            |    13 |    32 |    61 ||   106

Table legend:
 A = Spawn XP
 B = Non-spawn XP
 C = Spawn XP percentage of total XP
 D = Spawn monster count
 E = Non-spawn monster count
 F = Spawn count percentage of total count
 G = Total turns spent on level
                    A         B        C        D         E        F      G
               +---------+---------+-------+---------+---------+-------+---------
         Total |       0 |    2065 |   0.0 |       0 |      97 |   0.0 |  4710
               +---------+---------+-------+---------+---------+-------+---------
           D:1 |       0 |      56 |   0.0 |       0 |      26 |   0.0 |   715
           D:2 |       0 |      40 |   0.0 |       0 |       8 |   0.0 |   791
           D:3 |       0 |      72 |   0.0 |       0 |      15 |   0.0 |   748
           D:4 |       0 |     263 |   0.0 |       0 |      10 |   0.0 |  1022
           D:5 |       0 |     400 |   0.0 |       0 |      15 |   0.0 |   472
           D:6 |       0 |    1233 |   0.0 |       0 |      22 |   0.0 |   779
           D:7 |       0 |       1 |   0.0 |       0 |       1 |   0.0 |    34
               +---------+---------+-------+---------+---------+-------+---------
